 Dungeon Crawl Stone Soup version 0.23.2-11-gf996548 (webtiles) character file.

Game seed: 2677065822920853333

389 Fang the Skirmisher (level 6, -1/40 HPs)
             Began as a Gargoyle Berserker on June 3, 2019.
             Was a Believer of Trog.
             Slain by a phantom (2 damage)
             ... on level 4 of the Dungeon.
             The game lasted 00:03:54 (2803 turns).

Fang the Skirmisher (Gargoyle Berserker)            Turns: 2803, Time: 00:03:55

Health: -1/40      AC: 13    Str: 22    XL:     6   Next: 79%
Magic:  6/6        EV:  9    Int:  8    God:    Trog [**....]
Gold:   237        SH:  0    Dex:  9    Spells: 5/5 levels left

rFire    . . .     SeeInvis .   a - +0 hand axe
rCold    . . .     Gourm    .   (no shield)
rNeg     + . .     Faith    .   b - +0 chain mail
rPois    ∞         Spirit   .   (no helmet)
rElec    +         Reflect  .   (no cloak)
rCorr    .         Harm     .   (no gloves)
MR       +....                  (no boots)
Stlth    ..........             (no amulet)
HPRegen  0.13/turn              f - ring of protection from magic
MPRegen  0.10/turn              (no ring)

@: no status effects
A: negative energy resistance 1, electricity resistance, unbreathing,
petrification resistance, rot immunity, AC +4
a: Berserk, Trog's Hand, Renounce Religion


You were on level 4 of the Dungeon.
You worshipped Trog.
Trog was pleased with you.
You were hungry.

You visited 1 branch of the dungeon, and saw 4 of its levels.

You collected 237 gold pieces.

Inventory:

Hand Weapons
 a - a +0 hand axe (weapon)
Armour
 b - a +0 chain mail (worn)
Jewellery
 f - a ring of protection from magic (left hand)
Wands
 q - a wand of paralysis (4)
 t - a wand of scattershot (4)
Scrolls
 d - a scroll of fog {unknown}
 e - a scroll of fear {unknown}
 g - 3 scrolls of identify {unknown}
 h - 2 scrolls of remove curse {unknown}
 l - 3 scrolls of teleportation {unknown}
 m - 3 scrolls of enchant armour {unknown}
 o - 2 scrolls of amnesia {unknown}
 p - 2 scrolls of enchant weapon {unknown}
 r - a scroll of random uselessness {unknown}
Potions
 i - 2 potions of curing {unknown}
 j - 3 potions of flight {unknown}
 k - 2 potions of lignification {unknown}
 s - 2 potions of agility {unknown}
 u - a potion of haste {unknown}
Comestibles
 c - 6 rations
 n - a chunk of flesh


   Skills:
 + Level 4.9 Fighting
 + Level 4.0 Axes
 + Level 4.2 Armour
 + Level 3.1 Dodging


You had 5 spell levels left.
You didn't know any spells.
Your spell library was empty.

Dungeon Overview and Level Annotations

Branches:
Dungeon (4/15)
 Temple: D:4-7

Altars:


Innate Abilities, Weirdness & Mutations

You are resistant to torment.
Your stone body is resilient. (AC +4)
You are immune to poison.
You resist negative energy. (rN+)
You are resistant to electric shocks. (rElec)
You can survive without breathing.
You are immune to petrification.
You are immune to rotting.


Message History

You hit the shadow imp but do no damage.
The shadow imp barely misses you. Natasha claws you.
* * * LOW HITPOINT WARNING * * *
The phantom hits you.
* * * LOW HITPOINT WARNING * * *
You hit Natasha.
Natasha is heavily wounded.
You hit the phantom. You closely miss the shadow imp.
The shadow imp gestures at you. You resist with some effort. Natasha claws you.
* * * LOW HITPOINT WARNING * * *
The phantom hits you but does no damage.
You slash Natasha!
You kill Natasha!
Trog accepts your kill.
Trog appreciates your killing of a magic user.
Natasha screams in fury as she dies!
The shadow imp disappears in a puff of smoke!
You hit the phantom but do no damage. The phantom hits you.
You die...

#.#.............##...#..#
..#.............#...##..#
#..#............#...## ..#
##..............## .##
#........##..### ##
##.######...## ##...#####
.... ##...##...## ....
##@W......... #....
###§†.......... ##...
####.............. ......
#.................
#.....###.................
........#.................
.....##..................#
... #..#..............## .
#.####...........##


You could see a phantom.

Vanquished Creatures
  Edmund (D:4)
  A howler monkey (D:4)
  Ijyb (D:3)
  An iguana (D:4)
  Natasha (twice) (D:4)
  4 adders
  4 oozes
  2 worms (D:3)
  An adder skeleton (D:4)
  A dart slug (D:2)
  4 leopard geckos
  2 giant cockroaches
  9 goblins
  5 hobgoblins
  4 jackals (D:1)
  2 quokkas
  A ball python (D:2)
  5 bats
  6 frilled lizards
  6 kobolds
  7 rats
69 creatures vanquished.

Notes
Turn   | Place    | Note
-------+----------+-------------------------------------------
     0 | D:1      | Fang the Gargoyle Berserker began the quest for the Orb.
     0 | D:1      | Reached XP level 1. HP: 14/14 MP: 1/1
   160 | D:1      | Reached XP level 2. HP: 15/19 MP: 2/2
   425 | D:1      | Reached XP level 3. HP: 13/23 MP: 3/3
  1325 | D:2      | Reached XP level 4. HP: 27/29 MP: 4/4
  1430 | D:2      | Reached ** piety under Trog
  2394 | D:3      | Noticed Ijyb
  2415 | D:3      | Killed Ijyb
  2415 | D:3      | Reached XP level 5. HP: 33/33 MP: 5/5
  2576 | D:4      | Noticed Edmund
  2587 | D:4      | Killed Edmund
  2587 | D:4      | Reached XP level 6. HP: 39/39 MP: 6/6
  2728 | D:4      | Noticed Natasha
  2731 | D:4      | Noticed a phantom
  2743 | D:4      | Killed Natasha
  2783 | D:4      | Noticed Natasha
  2802 | D:4      | HP: 1/40 [Natasha (3)]
  2803 | D:4      | Killed Natasha
  2803 | D:4      | Slain by a phantom

Skill      XL: |  1  2  3  4  5  6 |
---------------+-------------------+-----
Axes           | 3 4 |  4.0
Dodging        | 2 3 |  3.1
Armour         | 3 4 |  4.2
Fighting       | 4 |  4.9

Action                   |  1- 3 |  4- 6 || total
-------------------------+-------+-------++-------
Melee: Hand axe          |    90 |   190 ||   280
Invok: Berserk           |       |     1 ||     1
       Trog's Hand       |       |     1 ||     1
  Eat: Chunk             |     1 |     6 ||     7
Armor: Animal skin       |    22 |    21 ||    43
       Chain mail        |       |    90 ||    90
Dodge: Dodged            |    72 |    87 ||   159
